 Dungeon Crawl Stone Soup version 0.29.1-14-g9c671dbff4 (webtiles) character file.

Game seed: 2968118703843352804

483 croobank the Covert (level 7, -1/49 HPs)
             Began as an Octopode Delver on Feb 12, 2023.
             Was an Initiate of Gozag.
             Slain by an ice beast (12 damage)
             ... on level 5 of the Dungeon.
             The game lasted 00:10:58 (4065 turns).

croobank the Covert (Octopode Delver)               Turns: 4065, Time: 00:10:58

Health: -1/49      AC:  1    Str: 13    XL:     7   Next: 12%
Magic:  7/7        EV: 14    Int: 12    God:    Gozag
Gold:   138        SH:  0    Dex: 14    Spells: 6/6 levels left

rFire   . . .      SeeInvis .   a - +1 hand axe (vamp)
rCold   . . .      Faith    .   (no shield)
rNeg    . . .      Spirit   .   (helmet restricted)
rPois   .          Reflect  .   (no amulet)
rElec   .          Harm     .   k - ring of flight
rCorr   .          Rampage  .   (no ring)
Will    .....                   (no ring)
Stlth   +++++.....              (no ring)
HPRegen 0.16/turn               (no ring)
MPRegen 0.10/turn               (no ring)
                                (no ring)
                                (no ring)

@: flying, hasted, very quick
A: almost no armour, amphibious, 8 rings, camouflage 1, gelatinous body 1,
(nimble swimmer 1), tentacles
a: Renounce Religion, Potion Petition, Call Merchant, Bribe Branch


You were on level 5 of the Dungeon.
You worshipped Gozag.
Gozag was aware of your devotion.
You visited 2 branches of the dungeon, and saw 6 of its levels.

You collected 193 gold pieces.
You paid 55 gold pieces to Gozag.

Inventory:

Hand Weapons
 a - a +1 vampiric hand axe (weapon)
 g - a +0 great sword
 m - a +0 spear
 n - a +0 sling
 q - a +0 quarterstaff
 r - a +1 dagger of venom
Missiles
 h - 6 boomerangs (quivered)
 s - 4 poisoned darts
Jewellery
 k - a ring of flight (left tentacle)
Wands
 f - a wand of digging (2)
 x - a wand of polymorph (13)
Scrolls
 b - 2 scrolls of fog
 c - 2 scrolls of poison
 d - 4 scrolls of teleportation
 l - a scroll of immolation {unknown}
 o - 2 scrolls of fear
 p - 2 scrolls of blinking
 y - a scroll of summoning {unknown}
 A - a scroll of magic mapping
 B - a scroll of vulnerability
 C - a scroll of identify {unknown}
Potions
 e - a potion of lignification {unknown}
 i - 2 potions of degeneration {unknown}
 j - 3 potions of invisibility {unknown}
 t - a potion of brilliance {unknown}
 v - 2 potions of ambrosia {unknown}
 w - a potion of heal wounds {unknown}
 z - a potion of might {unknown}


   Skills:
 + Level 4.6 Fighting
 + Level 4.0 Axes
 + Level 4.0 Dodging
 + Level 8.4 Stealth


You had 6 spell levels left.
You didn't know any spells.
Your spell library contained the following spells:

 Spells                   Type           Power      Damage    Failure   Level
 Sandblast                Erth           0%         2d4       32%         1
 Passwall                 Tmut/Erth      0%         N/A       45%         2
 Ignite Poison            Fire/Tmut/Pois 0%         N/A       69%         3
 Mephitic Cloud           Conj/Pois/Air  0%         N/A       69%         3
 Stone Arrow              Conj/Erth      0%         3d7       69%         3
 Freezing Cloud           Conj/Ice/Air   0%         6-21      100%        5


Dungeon Overview and Level Annotations

Branches:
Dungeon (5/15)             Temple (1/1) D:5

Altars:
Ashenzari
Cheibriados
Dithmenos
Elyvilon
Fedhas
Gozag
Kikubaaqudgha
Makhleb
Nemelex Xobeh
Okawaru
Qazlal
Ru
Trog
Uskayaw
Vehumet
Wu Jian
Xom
Zin
The Shining One

Shops:
D:4 :


Innate Abilities, Weirdness & Mutations

You cannot wear most types of armour.
You are amphibious.
You can wear up to eight rings at the same time.
Your skin changes colour to match your surroundings (Stealth+).
Your rubbery body absorbs attacks. (AC +1, EV +1)
((You are camouflaged when in or above water. (Stealth+)))
You have tentacles for arms and can constrict up to eight enemies at once.


Message History

You reach down and open the door.
There is an open door here.
h - 6 boomerangs (gained 4)
You reach down and open the door.
An ice beast is nearby!
There is an open door here.
Aiming: Polymorph
Press: ? - help, Shift-Dir - straight line, f - ice beast
Aim: an ice beast (will become a queen bee, a sky beast, or a killer bee, chance to affect: 49%)
Okay, then.
Throw: 6 boomerangs
Press: ? - help, Q - select action, (/) - cycle Shift-Dir - straight line, f - ice beast
Aim: an ice beast (60% to hit)
You throw a boomerang. The boomerang hits the ice beast.
The ice beast is lightly wounded.
Throw: 6 boomerangs
Press: ? - help, Q - select action, (/) - cycle Shift-Dir - straight line, f/p - ice beast
Aim: an ice beast (lightly wounded, 60% to hit)
You throw a boomerang.
The boomerang hits the ice beast but does no damage.
The ice beast is lightly wounded.
You barely miss the ice beast.
The ice beast is lightly wounded.
The ice beast hits you. The ice beast freezes you!
You hit the ice beast.
You feel better.
You squeeze the ice beast.
The ice beast is lightly wounded.
The ice beast hits you. The ice beast freezes you!
You hit the ice beast but do no damage.
The ice beast is lightly wounded.
The ice beast closely misses you.
You hit the ice beast but do no damage.
You squeeze the ice beast, but do no damage.
The ice beast is lightly wounded.
The ice beast hits you. The ice beast freezes you!
* * * LOW HITPOINT WARNING * * *
You feel yourself speed up. The ice beast hits you.
* * * LOW HITPOINT WARNING * * *
The ice beast freezes you!
You die...
Your body crumbles into a pile of gold.

...# #,#.# #....##........#..
...# *,#.# **#'##'##+######...#
.### *,#.# #.....#.....# ##.##
.# *,#.#**#.....#.....### #.#
######*,#.,,,+##'##+##'##'.###.#
.....#*,*****#..#.....#).#.....#
####.#*,*****#..#+###'#..#.....#
# #.#*,,,,,,#..#.....#..##.##.#
## #.#******,+..@Y._..'$.'..##.#
.###.#########..#.....#..####..#
#.##.........#..#+###+#..# #.##
.##########.##..#,,,,,#..#**#.#
## #..'##+**+**+##+.##.# #
##.#.....#,,,,,#....#
#.#.....#,,,,,####.#
##.###+##+##+######.###
########..# *,*#....#.#.##....


You could see an ice beast.

Vanquished Creatures
  A bullfrog (D:5)
  2 scorpions (D:5)
  4 hounds
  3 gnolls (D:4)
  7 adders
  A white imp (D:5)
  A worm (D:2)
  4 dart slugs
  2 orcs
  3 bats
  4 endoplasms (D:1)
  A giant cockroach (D:1)
  10 goblins
  10 hobgoblins
  7 jackals (D:3)
  6 kobolds
  2 quokkas
  6 ball pythons
  2 frilled lizards (D:1)
  8 rats
84 creatures vanquished.

Vanquished Creatures (others)
  3 plants (D:2)
3 creatures vanquished.

Grand Total: 87 creatures vanquished

Notes
Turn   | Place    | Note
-------+----------+-------------------------------------------
     0 | D:5      | croobank the Octopode Delver began the quest for the Orb.
     0 | D:5      | Reached XP level 1. HP: 16/16 MP: 1/1
    10 | D:5      | Reached XP level 2. HP: 20/21 MP: 2/2
    48 | D:5      | Reached skill level 7 in Stealth
    48 | D:5      | Reached XP level 3. HP: 26/26 MP: 3/3
    55 | D:5      | Found an ornate altar of the Wu Jian Council.
    88 | D:5      | Noticed an ice beast
   115 | D:5      | Noticed a scorpion
   126 | D:5      | Noticed a scorpion
   330 | D:4      | Reached XP level 4. HP: 31/31 MP: 4/4
   431 | D:4      | Found an ancient bone altar of Kikubaaqudgha.
  1115 | D:1      | Reached XP level 5. HP: 34/37 MP: 5/5
  1611 | D:2      | Identified the +0 chain mail of the Frog {+Inv Str+2 SInv}
  2119 | D:3      | Identified the +4 quarterstaff "Noghipt" {vorpal, rElec
                  | Stlth+}
  2848 | D:4      | Reached XP level 6. HP: 38/43 MP: 6/6
  2932 | D:4      | Found Adoekopamn's Book Emporium.
  2959 | D:4      | Found a shadowy altar of Dithmenos.
  3416 | D:5      | Reached skill level 8 in Stealth
  3669 | D:5      | Found a staircase to the Ecumenical Temple.
  3685 | Temple   | Entered the Ecumenical Temple
  3863 | Temple   | Became a worshipper of Gozag Ym Sagoz the Greedy
  3957 | D:5      | Reached XP level 7. HP: 46/49 MP: 7/7
  4065 | D:5      | Slain by an ice beast

Illustrated notes

Levels and vault maps discovered:
D:1:      onia_arrival_pyramid, layout_basic, st_stairs_8, minmay_cut_off
D:2:      layout_rooms, serial_forest, infiniplex_forest_split,
          infiniplex_forest_clump_double, infiniplex_forest_end_2,
          infiniplex_forest_clump_small, infiniplex_forest_clump_C
D:3:      layout_basic
D:4:      layout_basic, lemuel_tele_altar,
          nicolae_dithmenos_through_a_glass_darkly, serial_shops, shop_statue
D:5:      layout_loops_ring, mainiacjoe_overflow_24_doors,
          minmay_temple_entry_stoned_glass, lightli_sewer_entry_pipes,
          enter_ossuary_2
Temple:   nicolae_temple_elliptical

Skill      XL: |  1  2  3  4  5  6 |
---------------+-------------------+-----
Stealth        | 7 8 |  8.4
Axes           | 3 4 |  4.0
Dodging        | 3 4 |  4.0
Fighting       | 4 |  4.6

Action                   |  1- 3 |  4- 6 |  7- 9 || total
-------------------------+-------+-------+-------++-------
Melee: Hand axe          |    21 |   134 |     4 ||   159
       Tentacles         |     6 |    32 |     2 ||    40
       Constrict         |     5 |    46 |       ||    51
       Punch             |     1 |     1 |       ||     2
Throw: Boomerang         |       |    14 |     2 ||    16
Evoke: Wand              |     1 |       |       ||     1
  Use: Scroll            |     2 |     8 |       ||    10
       Potion            |     1 |       |     1 ||     2
 Stab: Sleeping          |     5 |    21 |       ||    26
Armor: Skin              |       |     5 |       ||     5
Dodge: Dodged            |     9 |    77 |     1 ||    87
